[Event "ICC tourney 2394 (75 10)"]
[Site "Internet Chess Club"]
[Date "2021.02.21"]
[Round "5"]
[White "sushanth777"]
[Black "icywhit"]
[Result "1-0"]
[ICCResult "Black resigns"]
[WhiteElo "822"]
[BlackElo "1139"]
[Opening "Ruy Lopez: Berlin defense"]
[ECO "C65"]
[NIC "RL.07"]
[Time "14:33:04"]
[PlyCount "90"]
[TimeControl "4500+10"]

1. e4 e5 2. Nf3 Nc6 3. Bb5 Nf6 4. Qe2 Bc5 5. c3 O-O 6. O-O Re8 7. Rd1 a6 8.
Ba4 d5 9. Bxc6 bxc6 10. d4 exd4 11. cxd4 Rxe4 12. Qc2 Bb6 13. h3 Qd6 14.
Be3 Bf5 15. Qc3 Nd7 16. Rc1 Re6 17. Nbd2 Rae8 18. Nh4 Be4 19. Nxe4 dxe4 20.
Nf5 Qd5 21. Ng3 f5 22. Ne2 Rd6 23. Nf4 Bxd4 24. Nxd5 Bxc3 25. Nxc3 Ne5 26.
Bf4 Rf6 27. Bxe5 Rxe5 28. Rc2 f4 29. Re2 Rfe6 30. Rae1 e3 31. fxe3 fxe3 32.
Nd1 Kf7 33. Rxe3 Rxe3 34. Rxe3 Rd6 35. Nc3 Rd2 36. Re2 Rxe2 37. Nxe2 Ke6
38. Kf2 c5 39. Ke3 Kd5 40. Kd3 c4+ 41. Kc3 a5 42. Ng3 g6 43. Nf1 Kc5 44.
Ne3 a4 45. Nxc4 Kb5 { Black resigns } 1-0

[Event "ICC tourney 2394 (75 10)"]
[Site "Internet Chess Club"]
[Date "2021.02.21"]
[Round "5"]
[White "sstao17"]
[Black "itg"]
[Result "0-1"]
[ICCResult "White resigns"]
[WhiteElo "633"]
[BlackElo "881"]
[Opening "Scotch: Schmidt variation"]
[ECO "C45"]
[NIC "SO.04"]
[Time "14:32:31"]
[PlyCount "81"]
[TimeControl "4500+10"]

1. e4 e5 2. Nf3 Nc6 3. d4 exd4 4. Nxd4 Nf6 5. Nc3 Bc5 6. Nxc6 bxc6 7. h3
O-O 8. Bd3 Re8 9. O-O d5 10. exd5 cxd5 11. Re1 Be6 12. Na4 Bd6 13. Nc3 Qd7
14. h4 Rab8 15. Rb1 Rb4 16. g3 Rg4 17. Ne2 c5 18. c3 Bf5 19. Bxf5 Qxf5 20.
Ra1 Ne4 21. Rf1 Re6 22. Qd3 Reg6 23. Bf4 Rxh4 24. Qf3 Qh3 25. Qg2 Qxg2+ 26.
Kxg2 Bxf4 27. Nxf4 Rxf4 28. Rad1 Rf5 29. c4 d4 30. Rde1 Nf6 31. Re2 h5 32.
Rfe1 h4 33. a3 hxg3 34. fxg3 Rfg5 35. Rh1 Rxg3+ 36. Kf1 Rf3+ 37. Rf2 Rxf2+
38. Kxf2 Ne4+ 39. Ke2 Rd6 40. Rh5 d3+ 41. Ke3 { White resigns } 0-1

[Event "ICC tourney 2394 (75 10)"]
[Site "Internet Chess Club"]
[Date "2021.02.21"]
[Round "5"]
[White "thanhcaptures"]
[Black "Harshi28"]
[Result "1-0"]
[ICCResult "Black checkmated"]
[WhiteElo "1130"]
[BlackElo "420"]
[Opening "French: advance, Paulsen attack"]
[ECO "C02"]
[NIC "FR.03"]
[Time "14:32:54"]
[PlyCount "131"]
[TimeControl "4500+10"]

1. e4 e6 2. d4 d5 3. e5 c5 4. c3 Nc6 5. Nf3 b6 6. Be2 Nge7 7. O-O Ng6 8.
Bg5 Be7 9. Bd2 Bb7 10. Be3 Rc8 11. Qb3 O-O 12. dxc5 Na5 13. Qb4 bxc5 14.
Qa4 Qb6 15. Qc2 d4 16. Bd2 Rfd8 17. Ne1 Nxe5 18. c4 Nec6 19. b3 Nb4 20.
Bxb4 Qxb4 21. Nd3 Qb6 22. Na3 Be4 23. Nb5 a6 24. Na3 Nc6 25. f3 Nb4 26. Qd2
Bf5 27. Nc2 a5 28. a4 h6 29. Ncxb4 axb4 30. a5 Qa7 31. Ra4 Bg5 32. Qa2 Be3+
33. Kh1 Qc7 34. a6 e5 35. a7 Ra8 36. Ra1 e4 37. fxe4 Bxe4 38. Ra5 Qb7 39.
Bf1 Bxd3 40. Bxd3 Qc7 41. Be4 Rac8 42. a8=Q d3 43. Qa7 Qe5 44. Bf3 Bd4 45.
Rd1 Bc3 46. Bd5 d2 47. Qxf7+ Kh8 48. Qf1 Rf8 49. Bf3 Rce8 50. Qb1 Qe1 51.
Ra1 Bxa1 52. Rxe1 dxe1=Q 53. Qfxe1 Bc3 54. Qed1 Rd8 55. Qdc2 Kg8 56. Bh5
Rfe8 57. Qh7+ Kf8 58. Bxe8 Rxe8 59. Qbf5+ Ke7 60. Qe4+ Kd8 61. Qd5+ Kc8 62.
Qhf5+ Kb8 63. Qd6+ Ka7 64. Qf7+ Ka8 65. Qa6+ Kb8 66. Qfb7# { Black
checkmated } 1-0

[Event "ICC tourney 2394 (75 10)"]
[Site "Internet Chess Club"]
[Date "2021.02.21"]
[Round "5"]
[White "GradyL"]
[Black "aryasaravanan"]
[Result "0-1"]
[ICCResult "White checkmated"]
[WhiteElo "1046"]
[BlackElo "1214"]
[Opening "Sicilian: closed"]
[ECO "B23"]
[NIC "SI.44"]
[Time "14:32:29"]
[PlyCount "106"]
[TimeControl "4500+10"]

1. e4 c5 2. Nc3 d6 3. f4 Nc6 4. Nf3 e6 5. Bc4 Nf6 6. d3 d5 7. exd5 exd5 8.
Bb3 Be7 9. O-O O-O 10. h3 a6 11. a4 Bf5 12. Bd2 Qd7 13. Rf2 c4 14. dxc4 Bc5
15. cxd5 Bxf2+ 16. Kxf2 Ne7 17. Be3 Be4 18. d6 Bxf3 19. Qxf3 Nf5 20. Ne4
Nxe4+ 21. Qxe4 Rfe8 22. Qf3 Rxe3 23. Qg4 Rae8 24. Bc4 g6 25. Rd1 Rg3 26.
Qxg3 Nxg3 27. Kxg3 Rc8 28. Bb3 Rc6 29. Kf2 Rxd6 30. Re1 Rd2+ 31. Re2 Rxe2+
32. Kxe2 Qc7 33. Ke3 b5 34. axb5 axb5 35. Bd5 Qc5+ 36. Ke4 Qxc2+ 37. Ke5
Qxb2+ 38. Kd6 Qd2 39. Kc5 b4 40. Kc4 Qxd5+ 41. Kxd5 b3 42. Kc4 b2 43. g4
b1=Q 44. g5 Qd1 45. f5 Kf8 46. fxg6 fxg6 47. h4 Ke7 48. h5 Kd6 49. hxg6
hxg6 50. Kb4 Qd3 51. Ka5 Qb1 52. Ka4 Kc5 53. Ka5 Qa2# { White checkmated }
0-1

[Event "ICC tourney 2394 (75 10)"]
[Site "Internet Chess Club"]
[Date "2021.02.21"]
[Round "5"]
[White "DanielGuan"]
[Black "DevajVadher"]
[Result "1-0"]
[ICCResult "Black checkmated"]
[WhiteElo "1286"]
[BlackElo "913"]
[Opening "QGA: classical, Steinitz variation"]
[ECO "D26"]
[NIC "QG.03"]
[Time "14:32:31"]
[PlyCount "113"]
[TimeControl "4500+10"]

1. d4 d5 2. c4 dxc4 3. e3 c5 4. Bxc4 e6 5. Nf3 Nf6 6. O-O cxd4 7. Nxd4 Bd7
8. Nc3 Bc5 9. h3 O-O 10. Nf3 Nc6 11. Qe2 a6 12. a4 Qc7 13. Rd1 Rad8 14. Bd2
Rfe8 15. e4 e5 16. Ng5 Re7 17. Nd5 Nxd5 18. Bxd5 h6 19. Nxf7 Rxf7 20. Bxf7+
Kxf7 21. Qc4+ Be6 22. Qxc5 Kg8 23. Bc3 Rf8 24. Qd6 Qf7 25. Rd2 Qf4 26. Qd3
Rd8 27. Qe3 Qxe3 28. Rxd8+ Nxd8 29. fxe3 Nf7 30. Rc1 Ng5 31. Bxe5 Nxe4 32.
Rc7 g5 33. Rxb7 Nc5 34. Rb8+ Kh7 35. a5 Nd7 36. Rb7 Kg6 37. Bd4 Kf5 38. Ra7
Nb8 39. Ra8 Nc6 40. Rxa6 Nxd4 41. exd4 h5 42. Rxe6 Kxe6 43. a6 Kd5 44. a7
Kxd4 45. a8=Q Kd3 46. Qf3+ Kc2 47. Qxh5 Kxb2 48. Qxg5 Kb3 49. Qc5 Kb2 50.
Qc4 Kb1 51. Qe2 Kc1 52. Kf2 Kb1 53. Qd2 Ka1 54. Ke3 Kb1 55. Kd3 Ka1 56. Kc3
Kb1 57. Qb2# { Black checkmated } 1-0

[Event "ICC tourney 2394 (75 10)"]
[Site "Internet Chess Club"]
[Date "2021.02.21"]
[Round "5"]
[White "MeLikeGame"]
[Black "prostripe"]
[Result "1-0"]
[ICCResult "Black checkmated"]
[WhiteElo "1341"]
[BlackElo "1246"]
[Opening "Caro-Kann: advance variation"]
[ECO "B12"]
[NIC "CK.04"]
[Time "14:32:29"]
[PlyCount "201"]
[TimeControl "4500+10"]

1. e4 c6 2. d4 d5 3. e5 Bf5 4. Nd2 e6 5. Nb3 Nd7 6. Nf3 h6 7. a4 Ne7 8. a5
a6 9. Be2 Ng6 10. O-O c5 11. c3 Rc8 12. Ne1 cxd4 13. cxd4 Ne7 14. Nf3 Bc2
15. Qe1 Bxb3 16. Be3 Bc4 17. Bxc4 Rxc4 18. Nd2 Rc2 19. Ra2 Qc8 20. Qb1 Ng6
21. Nb3 Rc6 22. f4 Nh4 23. g3 Nf5 24. Bd2 Rc4 25. Bc3 Be7 26. Qe1 h5 27.
Nd2 Rc6 28. Qe2 g6 29. Raa1 Nb8 30. Nf3 Kd7 31. Rfc1 Bb4 32. Bd2 Bxd2 33.
Qxd2 h4 34. g4 Ne7 35. h3 Ng8 36. Ne1 Nh6 37. Nd3 Qd8 38. Nc5+ Kc8 39. Qb4
Qe7 40. Rc3 Rf8 41. Rac1 f6 42. Qb3 fxe5 43. dxe5 Rxf4 44. Nd3 Rfc4 45. Nb4
Qxb4 46. Qd1 Rxc3 47. bxc3 Rxc3 48. Qd2 Rxc1+ 49. Qxc1+ Qc4 50. Qxh6 Qd4+
51. Kf1 Qd3+ 52. Kg2 Qe2+ 53. Kg1 Qe1+ 54. Kg2 Qe4+ 55. Kg1 Qb1+ 56. Kg2
Qb2+ 57. Kg1 Qb1+ 58. Kg2 Qe4+ 59. Kf1 Qf3+ 60. Kg1 Qg3+ 61. Kf1 Qxh3+ 62.
Kf2 Qg3+ 63. Kf1 Qf3+ 64. Ke1 Qe4+ 65. Kf1 Qh1+ 66. Kf2 Qh2+ 67. Kf1 Qh1+
68. Kf2 Qh2+ 69. Kf1 Qxe5 70. Qf8+ Kc7 71. Qc5+ Nc6 72. Qb6+ Kd6 73. Qf2 h3
74. Qf8+ Ne7 75. Qb8+ Kc6 76. Qxe5 h2 77. Qxh2 d4 78. Qc2+ Kd5 79. Qg2+ Kc4
80. Qxb7 Nd5 81. Qxa6+ Kc3 82. Qxe6 Ne3+ 83. Kg1 Nc4 84. a6 d3 85. Qf6+ Kc2
86. Qxg6 Ne5 87. Qe4 Nf3+ 88. Qxf3 d2 89. Qc6+ Kd3 90. Qd6+ Ke2 91. Qxd2+
Kxd2 92. a7 Ke3 93. a8=Q Kf4 94. Qe8 Kxg4 95. Qf7 Kg3 96. Qc4 Kh3 97. Kf1
Kh2 98. Qg8 Kh3 99. Kf2 Kh4 100. Kf3 Kh3 101. Qg3# { Black checkmated } 1-0

[Event "ICC tourney 2394 (75 10)"]
[Site "Internet Chess Club"]
[Date "2021.02.21"]
[Round "5"]
[White "auggie29"]
[Black "OliverHsiao"]
[Result "0-1"]
[ICCResult "White checkmated"]
[WhiteElo "1306"]
[BlackElo "1232"]
[Opening "Queen's pawn, Mason variation"]
[ECO "D00"]
[NIC "QP.08"]
[Time "14:32:38"]
[PlyCount "124"]
[TimeControl "4500+10"]

1. d4 d5 2. Bf4 Bf5 3. Nf3 Nc6 4. e3 Nf6 5. c4 e6 6. Nc3 Bb4 7. a3 Bxc3+ 8.
bxc3 O-O 9. Bd3 Bxd3 10. Qxd3 Ne4 11. O-O Na5 12. cxd5 exd5 13. Nd2 Nxd2
14. Qxd2 Nb3 15. Qe2 Nxa1 16. Rxa1 c6 17. Qg4 Qc8 18. Qg3 Qf5 19. h4 Qg6
20. Qh3 Qc2 21. h5 Qxc3 22. Rf1 h6 23. Qg3 Kh8 24. Bd6 Rg8 25. Bb4 Qb3 26.
Qc7 f6 27. Be7 Rac8 28. Qf4 Qc2 29. Bd6 a5 30. g4 Qe4 31. Qxe4 dxe4 32. Kg2
g6 33. hxg6 Rxg6 34. Kh3 Rcg8 35. Be7 Kg7 36. Rb1 b5 37. Rc1 Kf7 38. Bd6
Rxg4 39. Rxc6 Rg1 40. Bg3 b4 41. axb4 axb4 42. Rc2 Rb1 43. Rc7+ Kg6 44. Rb7
b3 45. d5 b2 46. Kg2 h5 47. Bh2 Kf5+ 48. Kh3 Rc8 49. d6 Rd8 50. Rb5+ Kg6
51. Kg2 Kf7 52. Kh3 Ke6 53. Rb4 Rxd6 54. Rxe4+ Kd7 55. Rb4 Rd2 56. Rb7+ Kc6
57. Rc7+ Kb6 58. Rc8 Rc1 59. Rxc1 bxc1=Q 60. Kg3 Qf1 61. e4 Qxf2+ 62. Kh3
Qxh2# { White checkmated } 0-1

[Event "ICC tourney 2394 (75 10)"]
[Site "Internet Chess Club"]
[Date "2021.02.21"]
[Round "5"]
[White "Yeetamus123"]
[Black "proabhi19"]
[Result "1/2-1/2"]
[ICCResult "Game drawn by mutual agreement"]
[WhiteElo "1320"]
[BlackElo "1218"]
[Opening "Sicilian: closed"]
[ECO "B23"]
[NIC "SI.44"]
[Time "14:32:32"]
[PlyCount "73"]
[TimeControl "4500+10"]

1. e4 c5 2. Nc3 d6 3. f4 e6 4. Nf3 g6 5. Bc4 Bg7 6. O-O Ne7 7. Qe1 O-O 8.
d3 b6 9. Qg3 Nbc6 10. Nh4 Nd4 11. Rf2 a5 12. Be3 Qd7 13. a4 Ba6 14. Ba2 d5
15. f5 exf5 16. Nxd5 Nxd5 17. Bxd5 Rab8 18. Qh3 Bb7 19. Bxb7 Rxb7 20. c3
Nb3 21. Ra3 Qxd3 22. exf5 Qb1+ 23. Rf1 Qxb2 24. fxg6 hxg6 25. Nxg6 fxg6 26.
Qe6+ Rbf7 27. Rxb3 Qe2 28. Rxf7 Rxf7 29. Rb1 Qd3 30. Rc1 Bxc3 31. h3 Bd4
32. Re1 Bxe3+ 33. Rxe3 Qf1+ 34. Kh2 Qf4+ 35. Kg1 Kg7 36. Re4 Qf5 37. Qc4 {
Game drawn by mutual agreement } 1/2-1/2

[Event "ICC tourney 2394 (75 10)"]
[Site "Internet Chess Club"]
[Date "2021.02.21"]
[Round "5"]
[White "bshesh131"]
[Black "dalvarezcates"]
[Result "1-0"]
[ICCResult "Black checkmated"]
[WhiteElo "1033"]
[BlackElo "1358"]
[Opening "English opening"]
[ECO "A16"]
[NIC "EO.64"]
[Time "14:33:24"]
[PlyCount "143"]
[TimeControl "4500+10"]

1. c4 Nf6 2. Nc3 g6 3. g3 Bg7 4. Bg2 c5 5. e3 Nc6 6. Nge2 d6 7. d4 O-O 8.
d5 Ne5 9. O-O Nxc4 10. b3 Nb6 11. e4 Nbd7 12. Bb2 Rb8 13. Re1 b5 14. Qd2 a6
15. Rac1 Nb6 16. Nd1 Bb7 17. Ne3 Nfd7 18. Bxg7 Kxg7 19. Ng4 Nf6 20. Qh6+
Kg8 21. Ne3 e6 22. dxe6 fxe6 23. Nf4 Qe7 24. Bh3 Bc8 25. Qg5 Rf7 26. e5
dxe5 27. Qxe5 Qc7 28. Qxc7 Rxc7 29. Bxe6+ Kh8 30. Red1 Bb7 31. Bh3 c4 32.
Rd6 cxb3 33. Rxc7 b2 34. Rd1 Be4 35. Rf7 Nfd5 36. Nfxd5 Nxd5 37. Nxd5 Bxd5
38. Rb1 Bxf7 39. Rxb2 b4 40. Bd7 a5 41. Ba4 Kg7 42. Rc2 b3 43. axb3 Bxb3
44. Rc7+ Kf6 45. Bxb3 Rxb3 46. Ra7 Rb5 47. Rxh7 a4 48. Ra7 Rb4 49. h4 Kf5
50. Kh2 Rb2 51. Kg2 Ra2 52. Ra5+ Kf6 53. Ra6+ Kf5 54. Ra5+ Kf6 55. Kf3 a3
56. g4 Ra1 57. Kf4 a2 58. Ra6+ Kf7 59. Kg5 Rb1 60. Rxa2 Rb5+ 61. Kh6 Rb4
62. Ra7+ Kf8 63. h5 gxh5 64. g5 h4 65. g6 Rg4 66. g7+ Kg8 67. Ra8+ Kf7 68.
Rf8+ Ke7 69. g8=Q Ra4 70. Rd8 Ra6+ 71. Kg7 Ra7 72. Qe8# { Black checkmated
} 1-0

[Event "ICC tourney 2394 (75 10)"]
[Site "Internet Chess Club"]
[Date "2021.02.21"]
[Round "6"]
[White "Shashank8"]
[Black "sstao17"]
[Result "1-0"]
[ICCResult "Black checkmated"]
[WhiteElo "495"]
[BlackElo "633"]
[Opening "English: Anglo-Grünfeld defense"]
[ECO "A16"]
[NIC "EO.64"]
[Time "18:02:45"]
[PlyCount "61"]
[TimeControl "4500+10"]

1. c4 Nf6 2. Nc3 d5 3. cxd5 Nxd5 4. Nxd5 Qxd5 5. Nf3 Nc6 6. e3 e5 7. Be2
Qd7 8. O-O Bd6 9. Qb3 a6 10. Qc3 O-O 11. b3 Qe7 12. Bb2 Kh8 13. Rfd1 f6 14.
d4 exd4 15. Nxd4 Nxd4 16. Rxd4 Be5 17. Rc1 Bxd4 18. Qxd4 Rd8 19. Qc4 c6 20.
g3 Qe6 21. Qc2 Qd5 22. Rd1 Qg8 23. Bd3 Qe8 24. Qe2 b5 25. Bc2 Rxd1+ 26.
Qxd1 Bb7 27. Qf3 Qe7 28. Be4 Qe6 29. Qf4 Rc8 30. Qh4 Qe7 31. Qxh7# { Black
checkmated } 1-0

[Event "ICC tourney 2394 (75 10)"]
[Site "Internet Chess Club"]
[Date "2021.02.21"]
[Round "6"]
[White "ChessMaster346"]
[Black "vsmurthy"]
[Result "1-0"]
[ICCResult "Black checkmated"]
[WhiteElo "1016"]
[BlackElo "204"]
[Opening "QGD: 3...Nf6"]
[ECO "D35"]
[NIC "QO.16"]
[Time "18:02:47"]
[PlyCount "55"]
[TimeControl "4500+10"]

1. d4 d5 2. c4 e6 3. Nc3 Nf6 4. a3 Nc6 5. Nf3 Bd6 6. Bg5 O-O 7. e3 h6 8.
Bh4 e5 9. dxe5 Nxe5 10. Nxe5 Bxe5 11. Nxd5 Nxd5 12. Bxd8 Rxd8 13. cxd5 Bxb2
14. Rb1 Be5 15. Qf3 c6 16. dxc6 bxc6 17. Qxc6 Bf5 18. Rb5 Rac8 19. Qf3 Re8
20. Qxf5 f6 21. Bd3 Rc1+ 22. Ke2 Rxh1 23. Qh7+ Kf8 24. Qh8+ Kf7 25. Rb7+
Ke6 26. Qxe8+ Kd5 27. Qd7+ Bd6 28. Rb5# { Black checkmated } 1-0

[Event "ICC tourney 2394 (75 10)"]
[Site "Internet Chess Club"]
[Date "2021.02.21"]
[Round "6"]
[White "ggmurthy"]
[Black "grandmasted"]
[Result "1/2-1/2"]
[ICCResult "Game drawn by repetition"]
[WhiteElo "564"]
[BlackElo "827"]
[Opening "Sicilian: Najdorf"]
[ECO "B90"]
[NIC "SI.14"]
[Time "18:02:56"]
[PlyCount "62"]
[TimeControl "4500+10"]

1. e4 c5 2. Nf3 d6 3. d4 cxd4 4. Nxd4 Nf6 5. Nc3 a6 6. f3 e5 7. Nde2 Nc6 8.
Ng3 Be6 9. Be2 d5 10. exd5 Bxd5 11. Nxd5 Qxd5 12. Qxd5 Nxd5 13. Bc4 Bb4+
14. Kf2 Rd8 15. Rd1 Bc5+ 16. Kf1 Ne3+ 17. Bxe3 Rxd1+ 18. Rxd1 Bxe3 19. Nf5
Bd4 20. Nxg7+ Kf8 21. Nf5 Bxb2 22. Bd5 Nd4 23. Nh6 Nxc2 24. Ke2 Nd4+ 25.
Ke3 Nc2+ 26. Ke2 Nd4+ 27. Ke3 Nc2+ 28. Ke2 Nd4+ 29. Ke3 Nc2+ 30. Ke2 Nd4+
31. Ke3 Nc2+ { Game drawn by repetition } 1/2-1/2

[Event "ICC tourney 2394 (75 10)"]
[Site "Internet Chess Club"]
[Date "2021.02.21"]
[Round "6"]
[White "Maximusiv"]
[Black "kitook"]
[Result "0-1"]
[ICCResult "White resigns"]
[WhiteElo "932"]
[BlackElo "659"]
[Opening "Evans gambit"]
[ECO "C51"]
[NIC "IG.05"]
[Time "18:02:53"]
[PlyCount "44"]
[TimeControl "4500+10"]

1. e4 e5 2. Nf3 Nc6 3. Bc4 Bc5 4. b4 Bxb4 5. c3 Bc5 6. d4 exd4 7. O-O dxc3
8. Bxf7+ Kxf7 9. Qd5+ Ke8 10. Qxc5 Nf6 11. Qxc3 Nxe4 12. Re1 d5 13. Qxg7
Rf8 14. Qxh7 Bf5 15. Qh5+ Kd7 16. Ba3 Rf6 17. Bb2 Rf8 18. Na3 Qe7 19. Ng5
Qxg5 20. Qd1 Bh3 21. g3 Nxf2 22. Qxd5+ Qxd5 { White resigns } 0-1

[Event "ICC tourney 2394 (75 10)"]
[Site "Internet Chess Club"]
[Date "2021.02.21"]
[Round "6"]
[White "icywhit"]
[Black "kstao17"]
[Result "1-0"]
[ICCResult "Black checkmated"]
[WhiteElo "1139"]
[BlackElo "721"]
[Opening "QGD: Marshall defense"]
[ECO "A50"]
[NIC "QP.07"]
[Time "18:02:48"]
[PlyCount "35"]
[TimeControl "4500+10"]

1. d4 Nf6 2. c4 d5 3. Nc3 dxc4 4. Bg5 e6 5. e3 Be7 6. Bxc4 O-O 7. Nf3 h6 8.
Bf4 Bd6 9. Bxd6 Qxd6 10. O-O Nc6 11. a3 a6 12. Qc2 Bd7 13. Ne4 Nxe4 14.
Qxe4 Rab8 15. Rac1 Qe7 16. Bb3 Na5 17. Bc2 Bc6 18. Qh7# { Black checkmated
} 1-0

[Event "ICC tourney 2394 (75 10)"]
[Site "Internet Chess Club"]
[Date "2021.02.21"]
[Round "6"]
[White "BlackBeltJ"]
[Black "sushanth777"]
[Result "0-1"]
[ICCResult "White checkmated"]
[WhiteElo "1180"]
[BlackElo "822"]
[Opening "Giuoco Piano: Greco's attack"]
[ECO "C54"]
[NIC "IG.02"]
[Time "18:02:58"]
[PlyCount "106"]
[TimeControl "4500+10"]

1. e4 e5 2. Nf3 Nc6 3. Bc4 Bc5 4. c3 Nf6 5. d4 exd4 6. cxd4 Bb4+ 7. Nc3
Bxc3+ 8. bxc3 d5 9. exd5 Nxd5 10. Qb3 Nce7 11. Ba3 O-O 12. Bxd5 Qxd5 13.
Qxd5 Nxd5 14. Bxf8 Kxf8 15. c4 Nf6 16. O-O c6 17. Rac1 Bg4 18. Ne5 Be6 19.
Rfd1 Rd8 20. h3 Nd7 21. Nxd7+ Rxd7 22. Kh2 b5 23. cxb5 cxb5 24. a3 a5 25.
Rc8+ Ke7 26. Ra8 a4 27. Ra5 Bc4 28. Re1+ Kf6 29. Rd1 Ke7 30. d5 Kd6 31. Kg3
Kc5 32. Kf3 Bxd5+ 33. Ke3 Kb6 34. Ra8 Re7+ 35. Kd2 Bxa8 36. Kc3 Bxg2 37.
Rg1 Bxh3 38. Rxg7 Bf5 39. Rg5 Bg6 40. f4 Re8 41. f5 Re5 42. fxg6 Rxg5 43.
gxh7 Rh5 44. h8=Q Rxh8 45. Kd4 Re8 46. Kc3 f5 47. Kd2 f4 48. Kd3 f3 49. Kd2
f2 50. Kc3 f1=Q 51. Kd2 Qf3 52. Kc2 Re2+ 53. Kc1 Qh1# { White checkmated }
0-1

[Event "ICC tourney 2394 (75 10)"]
[Site "Internet Chess Club"]
[Date "2021.02.21"]
[Round "6"]
[White "Harshi28"]
[Black "nikhilramkumar"]
[Result "1-0"]
[ICCResult "Black resigns"]
[WhiteElo "420"]
[BlackElo "583"]
[Opening "Scotch game"]
[ECO "C45"]
[NIC "SO.04"]
[Time "18:02:54"]
[PlyCount "42"]
[TimeControl "4500+10"]

1. e4 e5 2. Nf3 Nc6 3. d4 exd4 4. Nxd4 Nxd4 5. Qxd4 Nf6 6. Nc3 c5 7. Qd1
Be7 8. Bc4 O-O 9. Bf4 b6 10. O-O Bb7 11. e5 Ne4 12. Nxe4 Bxe4 13. Re1 Bb7
14. Qg4 d6 15. Bh6 g6 16. Bxf8 Qxf8 17. Rad1 dxe5 18. Rxe5 Bf6 19. Ree1 Bc8
20. Qf3 Rb8 21. Qxf6 Bb7 { Black resigns } 1-0

[Event "ICC tourney 2394 (75 10)"]
[Site "Internet Chess Club"]
[Date "2021.02.21"]
[Round "6"]
[White "drquinzel"]
[Black "oxdidi"]
[Result "0-1"]
[ICCResult "White resigns"]
[WhiteElo "704"]
[BlackElo "993"]
[Opening "Four knights: Spanish variation"]
[ECO "C48"]
[NIC "KP.03"]
[Time "18:03:41"]
[PlyCount "88"]
[TimeControl "4500+10"]

1. e4 e5 2. Nc3 Nf6 3. Nf3 Nc6 4. Bb5 a6 5. Bc4 Bc5 6. O-O O-O 7. d3 h6 8.
Re1 d6 9. Be3 Bb6 10. Bxb6 cxb6 11. d4 Bg4 12. dxe5 Nxe5 13. Be2 Nxf3+ 14.
Bxf3 Be6 15. e5 dxe5 16. Qxd8 Raxd8 17. Bxb7 Rd2 18. Rac1 Ng4 19. Ne4 Rd4
20. Bxa6 Bxa2 21. f3 Nf6 22. Nxf6+ gxf6 23. Ra1 Be6 24. c3 Rd2 25. b4 Rc2
26. Re3 Kh8 27. Bd3 Rxc3 28. Rd1 Rd8 29. h3 Bf5 30. f4 Rcxd3 31. Rexd3 Rxd3
32. Rxd3 Bxd3 33. fxe5 fxe5 34. Kf2 e4 35. g4 Kg7 36. Ke3 Kg6 37. Kf4 f6
38. h4 h5 39. b5 hxg4 40. Kxg4 e3 41. h5+ Kh6 42. Kf3 e2 43. Kf2 Bxb5 44.
Ke1 Kxh5 { White resigns } 0-1

[Event "ICC tourney 2394 (75 10)"]
[Site "Internet Chess Club"]
[Date "2021.02.21"]
[Round "6"]
[White "aryasaravanan"]
[Black "VN10"]
[Result "1-0"]
[ICCResult "Black checkmated"]
[WhiteElo "1214"]
[BlackElo "1046"]
[Opening "Scotch gambit: Benima defense"]
[ECO "C44"]
[NIC "SO.06"]
[Time "18:02:51"]
[PlyCount "51"]
[TimeControl "4500+10"]

1. e4 e5 2. Nf3 Nc6 3. d4 exd4 4. Bc4 Be7 5. c3 dxc3 6. Qd5 Nh6 7. Bxh6 O-O
8. bxc3 gxh6 9. Qh5 Kg7 10. h4 Bf6 11. Rh3 Kh8 12. Qxh6 d5 13. Rh1 dxc4 14.
Ng5 Bxg5 15. hxg5 Bf5 16. Nd2 Re8 17. O-O-O Qe7 18. exf5 f6 19. g6 Qg7 20.
Qxh7+ Qxh7 21. Rxh7+ Kg8 22. Rdh1 Kf8 23. g7+ Kf7 24. g8=Q+ Kxg8 25. Rh8+
Kf7 26. R1h7# { Black checkmated } 1-0

[Event "ICC tourney 2394 (75 10)"]
[Site "Internet Chess Club"]
[Date "2021.02.21"]
[Round "6"]
[White "OliverHsiao"]
[Black "bshesh131"]
[Result "0-1"]
[ICCResult "White resigns"]
[WhiteElo "1232"]
[BlackElo "1033"]
[Opening "Giuoco Piano"]
[ECO "C54"]
[NIC "IG.02"]
[Time "18:02:56"]
[PlyCount "38"]
[TimeControl "4500+10"]

1. e4 e5 2. Nf3 Nc6 3. Bc4 Bc5 4. c3 Nf6 5. d3 O-O 6. Bg5 h6 7. Bh4 d6 8.
O-O Be6 9. Nbd2 a5 10. h3 g5 11. Bg3 Bd7 12. Nb3 Bb6 13. Qd2 Nh5 14. Bh2
Qf6 15. Qd1 g4 16. Nfd2 Qg6 17. hxg4 Bxg4 18. Qc2 Bh3 19. g3 Nxg3 { White
resigns } 0-1

[Event "ICC tourney 2394 (75 10)"]
[Site "Internet Chess Club"]
[Date "2021.02.21"]
[Round "6"]
[White "thihansa"]
[Black "SGOLD9367"]
[Result "0-1"]
[ICCResult "White checkmated"]
[WhiteElo "1268"]
[BlackElo "1173"]
[Opening "French: Tarrasch, open variation"]
[ECO "C07"]
[NIC "FR.18"]
[Time "18:02:53"]
[PlyCount "144"]
[TimeControl "4500+10"]

1. e4 e6 2. d4 d5 3. Nd2 c5 4. c3 Nc6 5. Ne2 Qb6 6. exd5 exd5 7. Nf3 Nf6 8.
Ng3 cxd4 9. Nxd4 Nxd4 10. Qxd4 Bc5 11. Qe5+ Be6 12. Be3 Bxe3 13. Qxe3 Qxb2
14. Qc1 Qxc1+ 15. Rxc1 O-O 16. Be2 Rac8 17. O-O Ne4 18. Nxe4 dxe4 19. c4
Rc5 20. Rfd1 Rfc8 21. a3 g6 22. Rd4 f5 23. g4 b5 24. gxf5 gxf5 25. Kf1 Kg7
26. Ke1 Kf6 27. f4 bxc4 28. Kd2 Rd5 29. Rxd5 Bxd5 30. Kc3 Rb8 31. Kd4 Rd8
32. Kc5 Be6 33. Bxc4 Rc8+ 34. Kb4 Rxc4+ 35. Rxc4 Bxc4 36. Kxc4 Ke6 37. Kd4
Kd6 38. h3 h6 39. h4 h5 40. a4 a5 41. Kc4 Kc6 42. Kd4 Kd6 43. Kc4 e3 44.
Kd3 Kd5 45. Kxe3 Kc4 46. Kd2 Kd4 47. Kc2 Ke4 48. Kc3 Kxf4 49. Kc4 Kg3 50.
Kb5 f4 51. Kxa5 f3 52. Kb6 f2 53. a5 f1=Q 54. a6 Qb1+ 55. Ka7 Kxh4 56. Ka8
Qe4+ 57. Kb8 Kg4 58. a7 h4 59. a8=Q Qxa8+ 60. Kxa8 h3 61. Kb7 h2 62. Kc7
h1=Q 63. Kd6 Qe4 64. Kc5 Kf5 65. Kd6 Qe5+ 66. Kd7 Kf6 67. Kc6 Ke6 68. Kb7
Qd6 69. Ka8 Qd7 70. Kb8 Kd6 71. Ka8 Kc6 72. Kb8 Qb7# { White checkmated }
0-1

[Event "ICC tourney 2394 (75 10)"]
[Site "Internet Chess Club"]
[Date "2021.02.21"]
[Round "6"]
[White "VirginiaGuy"]
[Black "evelynhuang"]
[Result "1-0"]
[ICCResult "Black checkmated"]
[WhiteElo "1200"]
[BlackElo "772"]
[Opening "Queen's pawn game, Chigorin variation"]
[ECO "D02"]
[NIC "QP.08"]
[Time "18:02:53"]
[PlyCount "83"]
[TimeControl "4500+10"]

1. d4 d5 2. Nf3 Nc6 3. Bf4 Bf5 4. c3 Nf6 5. h3 e6 6. e3 Bd6 7. Bxd6 Qxd6 8.
Qb3 O-O-O 9. Be2 Ne4 10. Nbd2 Kb8 11. Rc1 e5 12. Nxe4 Bxe4 13. O-O Rhe8 14.
dxe5 Nxe5 15. Nd4 Qg6 16. f3 Bd3 17. Bxd3 Qxd3 18. Rce1 Qg6 19. Qc2 Qxc2
20. Nxc2 Nc4 21. b3 Nd6 22. Nd4 Re7 23. Kf2 Rde8 24. Re2 c5 25. Nc2 Nf5 26.
Rfe1 Kc7 27. e4 dxe4 28. Rxe4 Rxe4 29. Rxe4 Rxe4 30. fxe4 Nd6 31. Kf3 Kd7
32. c4 Ke6 33. Ne3 Ke5 34. Ng4+ Kd4 35. e5 Nf5 36. Kf4 Nh4 37. g3 Ng6+ 38.
Kf5 b6 39. e6 Nh8 40. e7 Ng6 41. e8=Q f6 42. Qe3# { Black checkmated } 1-0

[Event "ICC tourney 2394 (75 10)"]
[Site "Internet Chess Club"]
[Date "2021.02.21"]
[Round "6"]
[White "itg"]
[Black "arjunsaravanan"]
[Result "0-1"]
[ICCResult "White resigns"]
[WhiteElo "881"]
[BlackElo "1188"]
[Opening "Caro-Kann: exchange variation"]
[ECO "B13"]
[NIC "CK.02"]
[Time "18:02:53"]
[PlyCount "44"]
[TimeControl "4500+10"]

1. e4 c6 2. d4 d5 3. exd5 cxd5 4. Nf3 Nf6 5. Bf4 e6 6. Nc3 Bb4 7. Bd3 Bxc3+
8. bxc3 Nc6 9. O-O O-O 10. c4 dxc4 11. Bxc4 Nd5 12. Bxd5 Qxd5 13. Qd3 h6
14. Rfe1 b6 15. Ne5 Bb7 16. Qg3 Nxd4 17. Bxh6 Nf5 18. Qg5 Nxh6 19. Re3 Rad8
20. Rd3 f6 21. Qg3 Qxe5 22. Qh3 Qxa1+ { White resigns } 0-1